 Dungeon Crawl Stone Soup version 0.21-a0-521-g1cd18d1 (webtiles) character file.

365 Megalobster the Chopper (level 6, -2/57 HPs)
             Began as a Deep Dwarf Fighter on Dec 5, 2017.
             Slain by an ogre
             ... wielding a +0 giant club
              (21 damage)
             ... on level 5 of the Dungeon.
             The game lasted 00:05:18 (2016 turns).

Megalobster the Chopper (Deep Dwarf Fighter)        Turns: 2016, Time: 00:05:18

Health: -2/57      AC: 10    Str: 22    XL:     6   Next: 40%
Magic:  6/6        EV:  7    Int:  8    God:
Gold:   135        SH: 10    Dex: 12    Spells: 5/5 levels left

rFire    . . .     SeeInvis .   a - +0 war axe
rCold    . . .     Gourm    .   c - +0 shield
rNeg     . . .     Faith    .   b - +0 scale mail
rPois    .         Spirit   .   v - +1 helmet
rElec    .         Reflect  .   (no cloak)
rCorr    .         Harm     .   k - +0 pair of gloves
MR       .....                  (no boots)
Stlth    ..........             (no amulet)
HPRegen  0.00/turn              (no ring)
MPRegen  0.10/turn              (no ring)

@: non-regenerating
A: damage resistance, heal wounds, sense surroundings 1, no regeneration
a: Heal Wounds


You were on level 5 of the Dungeon.
You were not hungry.

You visited 1 branch of the dungeon, and saw 5 of its levels.

You collected 135 gold pieces.

Inventory:

Hand Weapons
 a - a +0 war axe (weapon)
 r - a +0 short sword
 s - a +0 war axe
 t - a +3 spear
 A - a +2 quarterstaff of pain
Armour
 b - a +0 scale mail (worn)
 c - a +0 shield (worn)
 k - a +0 pair of gloves (worn)
 v - a +1 helmet (worn)
 w - a +0 plate armour
Wands
 y - a wand of random effects (32)
Scrolls
 e - 4 scrolls of identify {unknown}
 m - 3 scrolls of remove curse {unknown}
 o - a scroll of teleportation {unknown}
 q - 4 scrolls of fear {unknown}
 u - a scroll of random uselessness {unknown}
 B - a scroll of enchant armour {unknown}
Potions
 d - a potion of curing {unknown}
 h - 2 potions of flight {unknown}
 i - 2 potions of brilliance {unknown}
 j - a potion of invisibility {unknown}
 l - a potion of agility {unknown}
 x - 2 potions of haste {unknown}
 z - a potion of heal wounds {unknown}
Comestibles
 f - 4 bread rations
 g - a chunk of flesh
 n - 2 royal jellies
 p - 3 fruits


   Skills:
 + Level 3.7 Fighting
 * Level 5.0 Axes
 + Level 4.6 Armour
 + Level 4.5 Shields


You had 5 spell levels left.
You didn't know any spells.

Dungeon Overview and Level Annotations

Branches:
Dungeon (5/15)
 Temple: D:4-7

Altars:
Elyvilon


Innate Abilities, Weirdness & Mutations

You are resistant to damage.
You can heal yourself by infusing magical energy.
You passively map a small area around you.
You do not regenerate.


Message History

You see here a frilled lizard corpse.
You butcher the frilled lizard corpse.
g - 3 chunks of flesh (gained 1)
You see here a frilled lizard skeleton.
B - a scroll labeled GOT HAGGOS Something unseen opens the door.
Some of the chunks of flesh in your inventory have rotted away.
An ogre comes into view. It is wielding a giant club.
You see here 3 fruits.
The ogre shouts!
You slash the ogre!
The ogre is moderately wounded.
The ogre closely misses you.
You barely miss the ogre.
The ogre is moderately wounded.
The ogre hits you with a giant club!
You hit the ogre.
The ogre is heavily wounded.
You block the ogre's attack. The ogre hits you with a giant club!!
You die...

#...##+######, ,
#.<.........# ,
#...........# ,
*
#.รท.....##..#,
#.......# *##
#...##..# ####
#...###### , ,
.....##........+
, , ,
.......%..@O..##
* ,
#.#.###...###'#
, * , .. #...# ,
, , ###+# ,,, ,
, , , , ,, , , ,
, , , ,,


You could see an ogre.

Vanquished Creatures
  The ghost of anything the Insei, an amateur OpTm (D:3)
  A hound (D:4)
  A worker ant (D:4)
  4 gnolls
  6 adders
  7 oozes
  2 adder skeletons (D:4)
  A worm (D:3)
  2 dart slugs
  2 leopard geckos (D:3)
  An orc (D:3)
  8 bats
  3 giant cockroaches
  3 goblins
  4 hobgoblins
  3 jackals (D:3)
  A quokka (D:4)
  4 ball pythons
  4 frilled lizards
  4 kobolds
  9 rats
71 creatures vanquished.

Notes
Turn   | Place    | Note
-------+----------+-------------------------------------------
     0 | D:1      | Megalobster the Deep Dwarf Fighter began the quest for the Orb.
     0 | D:1      | Reached XP level 1. HP: 20/20 MP: 1/1
    37 | D:1      | Reached XP level 2. HP: 22/27 MP: 2/2
   265 | D:1      | Reached skill level 3 in Axes
   265 | D:1      | Reached XP level 3. HP: 28/33 MP: 3/3
   841 | D:2      | Reached XP level 4. HP: 30/42 MP: 4/4
   877 | D:2      | Found a white marble altar of Elyvilon.
  1299 | D:3      | Noticed anything's ghost (amateur OpTm)
  1312 | D:3      | Reached skill level 4 in Axes
  1315 | D:3      | Reached XP level 5. HP: 39/49 MP: 5/5
  1322 | D:3      | Killed anything's ghost
  1492 | D:3      | Reached XP level 6. HP: 41/56 MP: 6/6
  1642 | D:4      | Reached skill level 5 in Axes
  1992 | D:5      | Entered Level 5 of the Dungeon
  2016 | D:5      | Slain by an ogre

Vault maps used:
D:1:      tarquinn_simple_flora_water_d
D:2:      elyvilon_altar_1
D:3:      minmay_wonky_spiral
D:4:      first_bread
D:5:      minmay_temple_entry_glass, grunt_ministairs_6,
          yredelemnul_altar_generic

Skill      XL: |  1  2  3  4  5  6 |
---------------+-------------------+-----
Axes           | 3 4 5 |  5.0
Fighting       | 3 |  3.7
Armour         | 4 |  4.6
Shields        | 4 |  4.5

Action                   |  1- 3 |  4- 6 || total
-------------------------+-------+-------++-------
Melee: War axe           |    87 |   121 ||   208
 Abil: Heal Wounds       |       |     1 ||     1
  Use: Potion            |       |     1 ||     1
  Eat: Chunk             |       |     4 ||     4
Armor: Scale mail        |    39 |    56 ||    95
Dodge: Dodged            |    27 |    34 ||    61
Block: Shield            |    47 |    77 ||   124

Table legend:
 A = Spawn XP
 B = Non-spawn XP
 C = Spawn XP percentage of total XP
 D = Spawn monster count
 E = Non-spawn monster count
 F = Spawn count percentage of total count
 G = Total turns spent on level
                    A         B        C        D         E        F      G
               +---------+---------+-------+---------+---------+-------+---------
         Total |       0 |     522 |   0.0 |       0 |      71 |   0.0 |  2016
               +---------+---------+-------+---------+---------+-------+---------
           D:1 |       0 |      65 |   0.0 |       0 |      19 |   0.0 |   673
           D:2 |       0 |      96 |   0.0 |       0 |      18 |   0.0 |   465
           D:3 |       0 |     219 |   0.0 |       0 |      21 |   0.0 |   370
           D:4 |       0 |     141 |   0.0 |       0 |      12 |   0.0 |   484
           D:5 |       0 |       1 |   0.0 |       0 |       1 |   0.0 |    24
               +---------+---------+-------+---------+---------+-------+---------
